 Dungeon Crawl Stone Soup version 0.31.0-4-g52a2dc7128 (webtiles) character file.

Game seed: 4994505279353656758

269961 GreatBamboolord the Eclecticist (level 20, -13/180 HPs)
             Began as an Oni Fire Elementalist on Jan 21, 2024.
             Was the Champion of Vehumet.
             Killed from afar by a crystal guardian (45 damage)
             ... with a crystal bolt
             ... led by a peacekeeper
             ... on level 2 of the Vaults.
             The game lasted 01:40:49 (36013 turns).

GreatBamboolord the Eclecticist (OnFE)             Turns: 36013, Time: 01:40:49

Health: -13/180    AC: 15    Str: 17    XL:     20   Next: 60%
Magic:  4/49       EV: 12    Int: 28    God:    Vehumet [******]
Gold:   1122       SH:  0    Dex:  9    Spells: 5/52 levels left

rFire   + . .        a - staff of fire
rCold   . . .        (no shield)
rNeg    . . .        E - +0 steam dragon scales
rPois   .            A - +2 hood of the Assassin {Detect Stab+ Stlth++}
rElec   .            v - +2 cloak {Stlth+}
rCorr   .            (gloves unavailable)
SInv    .            (boots unavailable)
Will    ++...        k - amulet of magic regeneration
Stlth   ++++++       M - ring of Polytheism {MP+9 AC+4}
HPRegen 0.50/turn    W - +6 ring of intelligence
MPRegen 0.71/turn

%: no passive effects
@: studying 2 skills
A: large, unfitting armour, horns 1, tough skin 1, double potion healing,
drunken brawling, frail 1
}: 1/15 runes: barnacled
a: Renounce Religion


You were on level 2 of the Vaults.
You worshipped Vehumet.
Vehumet was exalted by your worship.
You visited 7 branches of the dungeon, and saw 31 of its levels.
You also visited: Ice Cave and Volcano.

You collected 3433 gold pieces.
You spent 2311 gold pieces at shops.

Inventory:

Hand Weapons
 S - the +9 staff of Olgreb {rPois∞}
   (You found it on level 4 of the Shoals)

   Radiate:   It can be activated via the 'a'bility menu to radiate toxic
   energy, with effectiveness depending on Evocations skill.
   Alch:      It enhances your alchemy magic.
   rPois∞: It grants immunity to poison.
Missiles
 t - 7 throwing nets
Armour
 g - a +0 kite shield of reflection
 v - a +2 cloak of stealth (worn)
 A - the +2 hood of the Assassin (worn) {Detect Stab+ Stlth++}
   (You bought it in a shop on level 1 of the Orcish Mines)

   Detect:    It allows the wearer to sense nearby creatures.
   Stab+:     It allows the wearer to make particularly effective stabbing
   attacks against helpless or unaware enemies with any weapon.
   Stlth++:   It makes you much more stealthy.
 E - +0 steam dragon scales (worn)
 K - the +1 tower shield of Valour {rElec rC+ Regen+ Int+2}
   (You acquired it on level 15 of the Dungeon)

   Int+2:     It affects your intelligence (+2).
   rC+:       It protects you from cold.
   rElec:     It insulates you from electricity.
   Regen+:    It increases your rate of health regeneration.
Magical Staves
 a - a staff of fire (weapon)
 b - a staff of air
 C - a staff of conjuration
Jewellery
 k - an amulet of magic regeneration (around neck)
 q - a +5 ring of evasion
 s - the ring "Wuim" {Ice Str+2}
   (You took it off a merfolk siren on level 4 of the Shoals)

   [ring of ice]

   Ice:       It enhances your ice magic.
   Str+2:     It affects your strength (+2).
   rF-:       It makes you vulnerable to fire.
   rC+:       It protects you from cold.
 x - a ring of protection from cold
 M - the ring of Polytheism (left hand) {MP+9 AC+4}
   (You took it off a merfolk on level 1 of the Shoals)

   [ring of protection]

   AC+4:      It affects your AC (+4).
   MP+9:      It affects your magic capacity (+9).
 W - a +6 ring of intelligence (right hand)
Wands
 m - a wand of polymorph (9)
 z - a wand of acid (9)
 L - a wand of digging (7)
 N - a wand of mindburst (11)
 Q - a wand of roots (11)
Scrolls
 f - 6 scrolls of vulnerability
 i - 3 scrolls of fog
 o - 2 scrolls of immolation
 r - 4 scrolls of teleportation
 H - 5 scrolls of poison
 R - 2 scrolls of silence
 T - 2 scrolls of enchant armour
 U - 2 scrolls of summoning
 V - 4 scrolls of fear
 Y - a scroll of torment
 Z - a scroll of amnesia
Potions
 c - 5 potions of lignification
 d - 2 potions of brilliance
 h - a potion of berserk rage
 j - 2 potions of haste
 l - 2 potions of curing
 n - a potion of magic
 p - 8 potions of might
 u - 2 potions of ambrosia
 y - a potion of heal wounds
 B - 5 potions of mutation
 D - a potion of invisibility
 O - 6 potions of cancellation
 P - 5 potions of enlightenment
 X - 5 potions of resistance
Miscellaneous
 e - a phial of floods
 w - a phantom mirror
 F - a condenser vane
 G - a lightning rod (4/4)
 J - a sack of spiders


   Skills:
 + Level 12.9 Fighting
 * Level 9.3 Staves
 * Level 9.5 Dodging
 * Level 7.8 Stealth
 - Level 4.5 Shields
 + Level 16.5 Spellcasting
 - Level 14.0 Conjurations
 * Level 14.9 Fire Magic
 + Level 13.2 Air Magic
 * Level 4.7 Evocations


You had 5 spell levels left.
You knew the following spells:

 Your Spells              Type           Power      Damage    Failure   Level
a - Ignition              Fire           51%        3d14      8%          8
c - Flame Wave            Conj/Fire      100%       2d21      1%          4
d - Volatile Blastmotes   Fire/Tloc      100%       2d18      1%          3
e - Mephitic Cloud        Conj/Alch/Air  65%        N/A       1%          3
f - Iskenderun's Battles  Conj           79%        2d13      1%          5
g - Starburst             Conj/Fire      51%        6d14      1%          6
h - Plasma Beam           Fire/Air       50%        2x1d65    1%          6
i - Freezing Cloud        Conj/Ice/Air   32%        6-21      1%          5
j - Orb of Destruction    Conj           39%        9d11      1%          7

Your spell library contained the following spells:

 Spells                   Type           Power      Damage    Failure   Level
 Maxwell's Capacitive Co  Air            38%        ∞         16%         8
 Fire Storm               Conj/Fire      51%        8d13      77%         9
 Chain Lightning          Conj/Air       39%        3d52      86%         9
 Foxfire                  Conj/Fire      100%       2x1d9     0%          1
 Scorch                   Fire           100%       2d9       0%          2
 Apportation              Tloc           46%        N/A       1%          1
 Necrotise                Necr           92%        1d8       1%          1
 Slow                     Hex            92%        N/A       1%          1
 Sting                    Conj/Alch      100%       1d9       1%          1
 Summon Small Mammal      Summ           92%        N/A       1%          1
 Cigotuvi's Dreadful Rot  Necr/Alch/Air  94%        N/A       1%          2
 Mercury Vapours          Alch/Air       100%       N/A       1%          2
 Inner Flame              Hex/Fire       78%        N/A       1%          3
 Ignite Poison            Fire/Alch      78%        N/A       1%          4
 Jinxbite                 Hex            46%        N/A       3%          2
 Lesser Beckoning         Tloc           46%        N/A       3%          2
 Silence                  Hex/Air        28%        N/A       3%          5
 Olgreb's Toxic Radiance  Alch           23%        N/A       5%          4
 Call Canine Familiar     Summ           23%        N/A       6%          3
 Confusing Touch          Hex            23%        N/A       6%          3
 Fugue of the Fallen      Necr           23%        N/A       6%          3
 Gell's Gravitas          Tloc           23%        N/A       6%          3
 Ozocubu's Armour         Ice            23%        N/A       6%          3
 Sigil of Binding         Hex            23%        N/A       6%          3
 Teleport Other           Tloc           23%        N/A       6%          3
 Vampiric Draining        Necr           23%        2d7       6%          3
 Lee's Rapid Deconstruct  Erth           11%        3d8*      16%         5
 Yara's Violent Unravell  Hex/Alch       11%        3d6       16%         5
 Dimensional Bullseye     Hex/Tloc       11%        N/A       21%         4
 Leda's Liquefaction      Alch/Erth      11%        N/A       21%         4
 Manifold Assault         Tloc           23%        N/A       21%         4
 Passage of Golubria      Tloc           23%        N/A       21%         4
 Bombard                  Conj/Erth      29%        9d5       5%          6
 Spellforged Servitor     Conj/Summ      29%        N/A       24%         7
 Lehudib's Crystal Spear  Conj/Erth      29%        10d8      86%         8
 Ozocubu's Refrigeration  Ice            11%        4d10      98%         7
 Enfeeble                 Hex            11%        N/A       100%        7
 Discord                  Hex            11%        N/A       100%        8


Dungeon Overview and Level Annotations

Branches:
Dungeon (15/15)            Temple (1/1) D:5            Lair (5/5) D:9
 Shoals (4/4) Lair:3       Spider (1/4) Lair:2        Slime (0/5) Lair:5
    Orc (2/2) D:11            Elf (0/3) Orc:2        Vaults (3/5) D:14
  Crypt (0/3) Vaults:2     Depths (0/4) D:15          IceCv (visited)
Volcano (visited)

Altars:
Ashenzari
Cheibriados
Dithmenos
Elyvilon
Fedhas
Gozag
Hepliaklqana
Kikubaaqudgha
Makhleb
Nemelex Xobeh
Okawaru
Qazlal
Ru
Sif Muna
Trog
Uskayaw
Vehumet
Wu Jian
Xom
Yredelemnul
Zin
The Shining One
Jiyva

Shops:
D:6 ?:   D:12 [   Orc:1 [   Orc:2 [(**   Shoals:1 (

Annotations:
D:1 exclusion: downstairs
D:10 1 exclusion
D:15 exclusion: obsidian statue


Innate Abilities, Weirdness & Mutations

You are too large for most types of armour.
You have a pair of small horns on your head.
You have tough skin. (AC +1)
You gain doubled healing and magic from potions.
Whenever you drink a healing potion, you attack all around you.
You are frail. (-10% HP)


Message History

The ironbound preserver is moderately wounded.
The fiery plasma hits the ironbound preserver!!!
You kill the ironbound preserver!
Vehumet accepts your kill.
You feel your power returning.
The fiery plasma hits the ironbound preserver!!!
The ironbound preserver is severely wounded.
The crystal guardian fires a crystalline bolt at you.
The crystal bolt misses you.
The crystal guardian fires a crystalline bolt at you.
The crystal bolt burns you! You resist.
A deep troll comes into view.
A yaktaur captain comes into view.
Casting: Plasma Beam (mildly dangerous; 1% risk of failure)
Confirm with . or Enter, or press ? or * to list all spells.
Aiming: Orb of Destruction (mildly dangerous; 1% risk of failure)
Press: ? - help, Shift-Dir - straight line, f - crystal guardian
Aim: a crystal guardian The wavering orb of destruction hits the crystal guardian!
The crystal guardian is moderately damaged.
A yaktaur comes into view.
The ironbound preserver gestures wildly while chanting.
The ironbound preserver is healed somewhat.
There is an open door here.
The yaktaur captain wields a +1 arbalest of freezing.
It is covered in frost.
The yaktaur captain shoots a bolt.
The bolt hits you!! The bolt freezes you!
The crystal guardian fires a crystalline bolt at you.
The crystal bolt misses you. The crystal bolt freezes you!!
The ironbound preserver casts a spell.
The ironbound preserver begins to accept its allies' injuries.
The crystal guardian fires a crystalline bolt at you.
The crystal bolt freezes you!! The crystal bolt misses you.
The yaktaur captain shoots a bolt.
The bolt hits you!!
* * * LOW HITPOINT WARNING * * *
The bolt freezes you.
* * * LOW HITPOINT WARNING * * *
The crystal guardian fires a crystalline bolt at you.
The crystal bolt freezes you!!!
You die...

#..........#.......
#..........#.......
#..........#.......
#..........#.......
#..........'.......
##'###########''##+#
##...###...###...##..
#.....#.....#.....#..
#..8@.'.....'..8..'..
#...###########...#..
##..# #..##.. ##'#
#'###.. ##..# #..##..
#..9# #...#.. #..p#
#...#.. #..T# #...#..
##cc# #..####


You could see an ironbound preserver, a crystal guardian (sheltered) and a deep
troll (sheltered).

Vanquished Creatures
  Rupert (Lair:3)
  Mlioglotl (Shoals:3)
  Asterion (Vaults:1)
  Polyphemus (Shoals:2)
  4 krakens (Shoals:3)
  A sphinx (Vaults:3)
  2 tengu reavers (Vaults:1)
  Aizul (Vaults:1)
  10 vault wardens
  10 ironbound preservers
  An orc warlord (Vaults:1)
  A formless jellyfish (Shoals:4)
  7 ironbound thunderhulks
  A very ugly thing (D:15)
  2 stone giants
  A broodmother (Spider:1)
  4 dire elephants (Vaults:1)
  Snorg (D:14)
  3 ettins
  Josephine (Lair:3)
  10 merfolk impalers
  5 merfolk javelineers (Shoals:4)
  Fannar (Lair:3)
  An entropy weaver (Lair:2)
  10 vault guards
  8 great orbs of eyes
  4 yaktaur captains
  5 ogre magi
  5 hydras
  2 catoblepae
  3 boulder beetles
  2 ironbound frosthearts (Vaults:1)
  17 two-headed ogres
  4 merfolk aquamancers
  11 centaur warriors
  An alligator snapping turtle (Shoals:2)
  2 satyrs (Shoals:3)
  A tengu warrior (D:14)
  10 death yaks
  3 orc high priests (Orc:2)
  A demonic crawler (Spider:1)
  Amaemon (Lair:3)
  9 skysharks
  Sonja (D:13)
  A shining eye (shapeshifter) (D:15)
  A pharaoh ant (Spider:1)
  3 skeletal warriors (D:13)
  2 goliath frogs (Lair:5)
  10 sea snakes
  A glowing orange brain (Vaults:1)
  24 deep trolls
  4 orb spiders
  5 arcanists
  A phantasmal warrior (Vaults:1)
  8 ironbound convokers
  A harpy (Vaults:1)
  2 deep elf pyromancers
  6 lindwurms
  A deep elf zephyrmancer (D:8)
  A harpy (shapeshifter) (D:14)
  7 orc knights
  18 ugly things
  2 oklob plants (Lair:1)
  4 cyclopes
  5 wolf spiders
  11 fauns
  10 manticores
  The ghost of Ykky the Martial Artist, a novice OpSh of Qazlal (D:6)
  7 orc sorcerers
  10 merfolk sirens
  29 elephants
  A smoke demon (Volcano)
  9 black mambas
  4 kobold blastminers (Orc:2)
  3 torpor snails
  11 vault sentinels
  3 ice statues (IceCv)
  7 water nymphs
  An orange demon (Lair:3)
  21 cane toads
  6 gargoyles
  A torpor snail (shapeshifter) (Vaults:1)
  An efreet (D:14)
  19 yaktaurs
  2 kobold demonologists
  6 rime drakes
  11 komodo dragons
  A freezing wraith (IceCv)
  3 polar bears
  A tyrant leech (Lair:5)
  2 red devils (Volcano)
  5 trolls
  3 tarantellas (Spider:1)
  25 merfolk
  4 wind drakes
  Grinder (D:5)
  A glass eye (shapeshifter) (D:15)
  3 dream sheep (Shoals:4)
  30 blink frogs
  A jumping spider (shapeshifter) (D:14)
  7 snapping turtles
  5 jumping spiders (Spider:1)
  2 vampires
  7 water elementals
  Sigmund (D:5)
  4 culicivoras (Spider:1)
  25 slime creatures
  3 wyverns
  A spriggan (shapeshifter) (D:15)
  10 wraiths
  57 yaks
  2 wargs
  Eustachio (D:4)
  A human (D:14)
  12 vampire mosquitoes
  4 basilisks
  3 steam dragons
  2 death yak simulacra (IceCv)
  8 redbacks
  2 harpy simulacra (IceCv)
  Duvessa (D:5)
  14 water moccasins
  A hydra simulacrum (IceCv)
  2 hell hounds (Volcano)
  17 orc warriors
  An ice beast (D:5)
  A black bear (Lair:1)
  3 sky beasts (D:8)
  8 laughing skulls
  4 wolves (Lair:5)
  9 ogres
  10 centaurs
  5 kobold brigands
  2 scorpions (D:7)
  18 bullfrogs
  4 gnoll sergeants
  A cane toad simulacrum (IceCv)
  6 wights
  An elephant simulacrum (IceCv)
  Dowan (D:4)
  10 killer bees
  4 howler monkeys
  11 electric eels
  The ghost of fly the Sneak, a weakling KoDe (D:5)
  2 bombardier beetles (D:5)
  6 hounds
  12 jellies (Lair:5)
  14 orc priests
  Crazy Yiuf (D:4)
  26 orc wizards
  7 iguanas
  9 gnolls
  4 adders
  A river rat (D:6)
  13 white imps
  2 ufetubi (D:7)
  A dart slug (D:1)
  4 ribbon worms
  65 orcs
  6 ball pythons
  4 endoplasms
  3 giant cockroaches
  7 hobgoblins
  2 jackals (D:2)
  18 kobolds
  5 quokkas
  A bat (D:2)
  3 frilled lizards
  7 goblins
  6 rats
  2 butterflies (Lair:1)
  8 tentacles (Shoals:3)
1063 creatures vanquished.

Vanquished Creatures (collateral kills)
  14 foxfires
14 creatures vanquished.

Vanquished Creatures (others)
  An orc wizard (Orc:2)
  1132 foxfires
  26 tentacles (Shoals:3)
1159 creatures vanquished.

Grand Total: 2236 creatures vanquished

Notes
Turn   | Place    | Note
-------+----------+-------------------------------------------
     0 | D:1      | GreatBamboolord the Oni Fire Elementalist began the quest
                  | for the Orb.
     0 | D:1      | Reached XP level 1. HP: 16/16 MP: 3/3
   171 | D:1      | Reached skill level 1 in Conjurations
   202 | D:1      | Reached XP level 2. HP: 20/26 MP: 0/5
   384 | D:1      | Found a faded altar of an unknown god.
   947 | D:1      | Learned a level 2 spell: Scorch
  1303 | D:2      | Reached XP level 3. HP: 32/32 MP: 2/7
  1519 | D:2      | Reached skill level 1 in Fighting
  1519 | D:2      | Reached skill level 3 in Spellcasting
  1547 | D:2      | Found a shimmering altar of Xom.
  1866 | D:3      | Reached XP level 4. HP: 41/41 MP: 6/8
  1877 | D:3      | Found a shimmering altar of Xom.
  2021 | D:3      | Found a blossoming altar of Fedhas.
  2024 | D:3      | Found a stormy altar of Qazlal.
  2278 | D:3      | Reached XP level 5. HP: 39/49 MP: 1/10
  2735 | D:4      | You fall into a shaft and drop 3 floors!
  2762 | D:6      | Noticed a kobold brigand
  2772 | D:6      | Noticed an ogre
  2784 | D:6      | Found a sacrificial altar of Ru.
  2794 | D:6      | HP: 2/49 [kobold brigand/+0 short sword (5)]
  2796 | D:6      | Killed an ogre
  2797 | D:6      | Reached skill level 4 in Spellcasting
  2797 | D:6      | Reached XP level 6. HP: 25/57 MP: 3/12
  2988 | D:6      | Found a runed translucent door.
  2993 | D:6      | Noticed a steam dragon
  2999 | D:6      | Killed a steam dragon
  3000 | D:6      | Reached XP level 7. HP: 66/66 MP: 7/13
  3226 | D:6      | Found a runed translucent door.
  3233 | D:6      | Noticed Ykky's ghost (novice OpSh)
  3258 | D:6      | Reached skill level 5 in Spellcasting
  3268 | D:5      | Entered Level 5 of the Dungeon
  3399 | D:5      | Reached XP level 8. HP: 70/76 MP: 12/16
  3404 | D:5      | Reached skill level 5 in Fire Magic
  3547 | D:4      | Learned a level 4 spell: Flame Wave
  3584 | D:4      | Noticed Eustachio
  3594 | D:4      | Killed Eustachio
  3595 | D:4      | Reached skill level 6 in Spellcasting
  3904 | D:4      | Found a runed translucent door.
  3905 | D:4      | Noticed Crazy Yiuf
  3915 | D:4      | Killed Crazy Yiuf
  3988 | D:5      | Noticed Duvessa
  3988 | D:5      | Noticed Dowan
  3990 | D:5      | Noticed Grinder
  3994 | D:5      | Killed Duvessa
  4155 | D:4      | Killed Dowan
  4273 | D:5      | Reached skill level 5 in Conjurations
  4282 | D:5      | Killed Grinder
  4283 | D:5      | Reached skill level 5 in Fighting
  4283 | D:5      | Reached XP level 9. HP: 88/88 MP: 9/19
  4290 | D:5      | Noticed Sigmund
  4300 | D:5      | Killed Sigmund
  4369 | D:5      | Noticed fly's ghost (weakling KoDe)
  4407 | D:5      | Found a runed translucent gate.
  4408 | D:5      | Found a runed translucent gate.
  4409 | D:5      | Found a runed translucent gate.
  4519 | D:5      | Reached skill level 7 in Spellcasting
  4631 | D:5      | Found a staircase to the Ecumenical Temple.
  4645 | Temple   | Entered the Ecumenical Temple
  4656 | Temple   | Became a worshipper of Vehumet
  4829 | D:6      | Found Anat's Tiny Tomes.
  4853 | D:6      | Bought Sif Muna's Catalogue of the Elixir for 80 gold
                  | pieces
  4871 | D:6      | Found Yrhig's Magic Scroll Boutique.
  4895 | D:6      | Bought a scroll of blinking for 105 gold pieces
  4895 | D:6      | Bought a scroll of identify for 28 gold pieces
  5311 | D:7      | Found a snail-covered altar of Cheibriados.
  5312 | D:7      | Found an iron altar of Okawaru.
  5314 | D:7      | Found an opulent altar of Gozag.
  5656 | D:7      | Reached * piety under Vehumet
  5656 | D:7      | Offered knowledge of Kiss of Death by Vehumet.
  5669 | D:7      | Reached skill level 8 in Spellcasting
  5721 | D:7      | Found a shadowy altar of Dithmenos.
  5723 | D:7      | Reached XP level 10. HP: 64/98 MP: 19/22
  5948 | D:8      | Noticed an orc sorcerer
  5949 | D:8      | Noticed a deep elf zephyrmancer
  5951 | D:8      | Noticed a deep elf pyromancer
  5952 | D:8      | Killed an orc sorcerer
  5966 | D:8      | Killed a deep elf zephyrmancer
  5976 | D:8      | Killed a deep elf pyromancer
  6108 | D:8      | Learned a level 3 spell: Volatile Blastmotes
  6112 | D:8      | Learned a level 3 spell: Mephitic Cloud
  6118 | D:8      | Learned a level 5 spell: Iskenderun's Battlesphere
  6178 | D:8      | Reached skill level 9 in Spellcasting
  6237 | D:8      | Noticed a five-headed hydra
  6521 | D:8      | Noticed a two-headed ogre
  6536 | D:8      | Killed a two-headed ogre
  6889 | D:8      | Identified the +1 executioner's axe "Sidu" {venom, Will-
                  | Int+4 SInv}
  6901 | D:8      | Identified the +6 plate armour "Gisad" {rF+ Dex+5}
  6902 | D:8      | Got the Handbook of the Curse and Ectoplasm
  6927 | D:8      | Learned a level 6 spell: Starburst
  6970 | D:8      | Killed a five-headed hydra
  6971 | D:8      | Reached XP level 11. HP: 107/111 MP: 11/24
  7122 | D:8      | Found a glowing golden altar of the Shining One.
  7702 | D:9      | Reached ** piety under Vehumet
  7703 | D:9      | Reached skill level 10 in Spellcasting
  7703 | D:9      | Offered knowledge of Momentum Strike by Vehumet.
  7869 | D:9      | Found a staircase to the Lair.
  8593 | D:10     | Entered Level 10 of the Dungeon
  9200 | D:11     | Found a staircase to the Orcish Mines.
  9207 | D:11     | Noticed a two-headed ogre
  9215 | D:11     | Killed a two-headed ogre
  9579 | D:11     | Noticed a manticore
  9591 | D:11     | Killed a manticore
  9653 | D:11     | Noticed a sixfirhy
  9665 | D:11     | Reached skill level 11 in Spellcasting
  9724 | D:11     | Noticed a boulder beetle
  9750 | D:11     | Killed a boulder beetle
  9816 | D:11     | Offered knowledge of Stone Arrow by Vehumet.
  9818 | D:11     | Noticed a boulder beetle
  9865 | D:11     | Killed a boulder beetle
  9866 | D:11     | Reached XP level 12. HP: 50/123 MP: 11/27
 10374 | Lair:1   | Entered Level 1 of the Lair of Beasts
 10384 | Lair:1   | Reached *** piety under Vehumet
 10392 | Lair:1   | Reached skill level 10 in Fire Magic
 10399 | Lair:1   | Noticed a skyshark
 10675 | Lair:1   | Found a dark tunnel.
 10684 | Volcano  | Entered a volcano
 10858 | Volcano  | Offered knowledge of Dazzling Flash by Vehumet.
 10859 | Volcano  | Reached skill level 12 in Spellcasting
 10873 | Volcano  | Reached skill level 10 in Fighting
 11158 | Lair:1   | Reached skill level 10 in Conjurations
 12464 | Lair:1   | Reached XP level 13. HP: 133/133 MP: 7/29
 12608 | Lair:1   | Reached **** piety under Vehumet
 12745 | Lair:2   | Offered knowledge of Brom's Barrelling Boulder by Vehumet.
 13009 | Lair:2   | Found a hole to the Spider Nest.
 13803 | Lair:2   | Reached skill level 1 in Air Magic
 13812 | Lair:2   | Learned a level 6 spell: Plasma Beam
 14162 | Lair:3   | Noticed Fannar
 14164 | Lair:3   | Killed Fannar
 14164 | Lair:3   | Noticed Amaemon
 14173 | Lair:3   | Killed Amaemon
 14545 | Lair:3   | Noticed Josephine
 14551 | Lair:3   | Killed Josephine
 14551 | Lair:3   | Reached ***** piety under Vehumet
 14551 | Lair:3   | Offered knowledge of Freezing Cloud by Vehumet.
 14600 | Lair:3   | Learned a level 5 spell: Freezing Cloud
 15259 | Lair:3   | Noticed Rupert
 15265 | Lair:3   | Paralysed by Rupert for 4 turns
 15272 | Lair:3   | Killed Rupert
 15273 | Lair:3   | Reached XP level 14. HP: 143/143 MP: 15/30
 15328 | Lair:3   | Reached skill level 5 in Air Magic
 15357 | Lair:3   | You fall into a shaft and drop 2 floors!
 15357 | Lair:5   | Entered Level 5 of the Lair of Beasts
 15629 | Lair:5   | Reached skill level 13 in Spellcasting
 16119 | Lair:4   | Offered knowledge of Orb of Destruction by Vehumet.
 16217 | Lair:4   | Reached XP level 15. HP: 139/149 MP: 6/32
 17143 | Lair:4   | Found a broken altar of Ashenzari.
 17494 | Lair:5   | Identified the +7 dagger of Courage {venom, rElec rC+ Str+2
                  | Dex-3}
 18035 | Lair:5   | Found a staircase to the Slime Pits.
 18035 | Lair:5   | Found a viscous altar of Jiyva.
 18565 | D:12     | Found Bocik's Armour Shop.
 18796 | D:12     | Reached skill level 14 in Spellcasting
 18961 | D:12     | Learned a level 7 spell: Orb of Destruction
 19005 | D:12     | Offered knowledge of Fireball by Vehumet.
 19448 | Orc:1    | Entered Level 1 of the Orcish Mines
 19543 | Orc:1    | Reached skill level 10 in Air Magic
 19655 | Orc:2    | Entered Level 2 of the Orcish Mines
 19659 | Orc:2    | Found a frozen archway.
 19682 | IceCv    | Entered an ice cave
 20664 | Orc:2    | Found a staircase to the Elven Halls.
 20773 | Orc:2    | Reached ****** piety under Vehumet
 20779 | Orc:2    | Offered knowledge of Yara's Violent Unravelling by Vehumet.
 20782 | Orc:2    | Reached XP level 16. HP: 143/158 MP: 9/34
 20861 | Orc:2    | Found Heshrid's Assorted Antiques.
 20861 | Orc:2    | Found Reuxteor's Assorted Antiques.
 20863 | Orc:2    | Found Vycecz Ryomm's Antique Weapon Shop.
 20863 | Orc:2    | Found Tuoleurch's Armour Emporium.
 20881 | Orc:2    | Bought a blue potion for 24 gold pieces
 20881 | Orc:2    | Bought 2 potions of curing for 162 gold pieces
 21307 | Orc:1    | Found Nifysoi's Antique Armour Emporium.
 21310 | Orc:1    | Bought the +2 hood of the Assassin {Detect Stab+ Stlth++}
                  | for 1800 gold pieces
 21310 | Orc:1    | Found the +2 hood of the Assassin {Detect Stab+ Stlth++}
 21465 | D:6      | Bought a scroll of amnesia for 56 gold pieces
 21465 | D:6      | Bought a scroll of identify for 28 gold pieces
 21465 | D:6      | Bought a scroll of identify for 28 gold pieces
 21691 | D:6      | Killed Ykky's ghost
 21700 | D:6      | Identified the +6 rapier of Kewkeubb {flame, Int+2 SInv
                  | Stlth+}
 21763 | D:5      | Killed fly's ghost
 21901 | D:13     | Noticed Sonja
 21903 | D:13     | Killed Sonja
 23540 | D:14     | Noticed Snorg
 23544 | D:14     | Killed Snorg
 23688 | D:14     | Reached skill level 1 in Staves
 23693 | D:14     | Offered knowledge of Conjure Ball Lightning by Vehumet.
 23826 | D:14     | Found a gate to the Vaults.
 24018 | D:15     | Entered Level 15 of the Dungeon
 24118 | D:15     | Found a white marble altar of Elyvilon.
 24277 | D:15     | Reached skill level 5 in Dodging
 24442 | D:15     | Found the +3 warlock's mirror {omnireflect}
 24859 | D:15     | Gained mutation: You are frail. (-10% HP) [a shining eye]
 24878 | D:15     | Found a staircase to the Depths.
 24950 | D:15     | Identified a scroll of acquirement
 24951 | D:15     | Acquired the +1 tower shield of Valour {rElec rC+ Regen+
                  | Int+2}
 25604 | Shoals:1 | Entered Level 1 of the Shoals
 25631 | Shoals:1 | Reached skill level 15 in Spellcasting
 25646 | Shoals:1 | Reached XP level 17. HP: 150/150 MP: 14/36
 25776 | Shoals:1 | Identified the ring of Polytheism {MP+9 AC+4}
 26183 | Shoals:1 | Found Raint's Weapon Boutique.
 26394 | Shoals:2 | Identified the +1 robe of Refuge {Will+ Int+2 Stlth+}
 26567 | Shoals:2 | Noticed Polyphemus
 26716 | Shoals:2 | Killed Polyphemus
 27630 | Shoals:3 | Noticed Mlioglotl
 27632 | Shoals:3 | Reached skill level 5 in Staves
 27637 | Shoals:3 | Killed Mlioglotl
 27637 | Shoals:3 | Offered knowledge of Eringya's Noxious Bog by Vehumet.
 27834 | Shoals:3 | Noticed a kraken
 27835 | Shoals:3 | Noticed a kraken
 27842 | Shoals:3 | Killed a kraken
 27864 | Shoals:3 | Killed a kraken
 27906 | Shoals:3 | Noticed a kraken
 27907 | Shoals:3 | Noticed a kraken
 27974 | Shoals:3 | Killed a kraken
 27975 | Shoals:3 | Killed a kraken
 28084 | Shoals:3 | Identified the +2 leather armour "Heixtudei" {rCorr}
 28552 | Shoals:4 | Entered Level 4 of the Shoals
 28620 | Shoals:4 | Reached skill level 5 in Stealth
 28622 | Shoals:4 | Identified the ring "Wuim" {Ice Str+2}
 29387 | Shoals:4 | Reached XP level 18. HP: 161/161 MP: 37/37
 29786 | Shoals:4 | Reached XP level 19. HP: 125/169 MP: 10/38
 29790 | Shoals:4 | Offered knowledge of Ignition by Vehumet.
 29870 | Shoals:4 | Reached skill level 16 in Spellcasting
 29891 | Shoals:4 | Learned a level 8 spell: Ignition
 30177 | Shoals:4 | Got a barnacled rune of Zot
 30311 | Shoals:4 | Found the +9 staff of Olgreb {rPois∞}
 30446 | Spider:1 | Entered Level 1 of the Spider Nest
 31127 | Spider:1 | Reached skill level 1 in Evocations
 31567 | Vaults:1 | Entered Level 1 of the Vaults
 31891 | Vaults:1 | Identified the serpent talisman of Polish {rN+ Will- Dex+3
                  | SInv}
 31891 | Vaults:1 | Noticed Aizul
 31895 | Vaults:1 | Killed Aizul
 32342 | Vaults:1 | Offered knowledge of Fire Storm by Vehumet.
 32342 | Vaults:1 | Offered knowledge of Chain Lightning by Vehumet.
 32342 | Vaults:1 | Offered knowledge of Maxwell's Capacitive Coupling by
                  | Vehumet.
 33640 | Vaults:1 | Reached XP level 20. HP: 180/180 MP: 40/40
 33654 | Vaults:1 | Noticed Asterion
 33656 | Vaults:1 | Killed Asterion
 34696 | Vaults:2 | You fall into a shaft and drop 1 floor!
 35905 | Vaults:2 | Found a staircase to the Crypt.
 35905 | Vaults:2 | Found a basalt altar of Yredelemnul.
 35905 | Vaults:2 | Found an ancient bone altar of Kikubaaqudgha.
 36013 | Vaults:2 | Killed from afar by a crystal guardian

Illustrated notes

Levels and vault maps discovered:
D:1:      grunt_arrival_lava_bath, layout_basic, serial_rivers,
          chequers_serial_rivers_micro_b, chequers_serial_rivers_small_3,
          chequers_serial_rivers_small_b, chequers_serial_rivers_micro_d,
          chequers_ecumenical_altar_island
D:2:      layout_basic, basic_altar
D:3:      layout_loops_cross, grunt_temple_overflow_forces_of_nature,
          old_standard_altar, chequers_serial_rivers_micro_b,
          grunt_decor_mini_mirrors, ebering_dispersal_statue_hall
D:4:      layout_rooms, uniq_crazy_yiuf_cottage, uniq_eustachio
D:5:      layout_cave_pools, minmay_temple_entry_hall, gammafunk_ghost_split,
          wad_floor_pattern_2, uniq_sigmund, uniq_grinder, uniq_duvessa
D:6:      layout_cave_pools, mainiacjoe_overflow_cross_hatched,
          ebering_ghost_sewer_f, serial_shops, shop,
          nicolae_shop_i_like_small_books_too, chequers_serial_rivers_marsh
D:7:      layout_rooms, mainiacjoe_overflow_alcove_4,
          gammafunk_temple_overflow_forgotten
D:8:      minmay_the_grid_plus [minmay_the_grid_dragon_b,
          minmay_the_grid_small_cups, minmay_the_grid_tree,
          minmay_the_grid_tri_star,
          minmay_the_grid_prize_four_corners_diamond_b], layout_gridville,
          tso_metal_star
D:9:      wad_woods_pond, layout_irregular_city
D:10:     layout_small_grid, item_on_display_a
D:11:     layout_basic, david_orc_3, minivault_14
D:12:     kennysheep_windowed_halls, layout_rooms, serial_shops, shop
D:13:     layout_long_grid, uniq_sonja
D:14:     layout_basic, grunt_vaults_entry_fortified, serial_bayou,
          serial_bayou_ford_a, serial_bayou_shore_b, serial_bayou_shore_a,
          serial_bayou_crossing, uniq_snorg
D:15:     gammafunk_enter_depths_forms, layout_grid_maze, elyvilon_altar_5,
          minmay_protected_statue
Temple:   nicolae_temple_ecumenical_triangle
Lair:1:   minmay_lair_oklob_chamber, layout_gridlike,
          nicolae_volcano_entry_vermiform, serial_bayou_shore_b,
          lemuel_fruit_fields, serial_bayou_shore_b
Lair:2:   layout_regular_city, nicolae_spider_entry_orb_guardian
Lair:3:   layout_chaotic_city, nicolae_shoals_entry_flooding, uniq_josephine,
          uniq_rupert, uniq_amaemon, uniq_fannar
Lair:4:   layout_cave_pods, basic_altar, grunt_megastairs_4
Lair:5:   minmay_lair_end_frog_pond, layout_gridlike,
          minmay_slime_entry_jelly_boxes
Shoals:1: layout_shoals, serial_shops, nicolae_shop_statue_plus
Shoals:2: layout_shoals, uniq_polyphemus
Shoals:3: layout_shoals, nicolae_shoals_kraken_party, uniq_mlioglotl
Shoals:4: shoals_end_simple, layout_shoals
Spider:1: layout_spider_delve
Orc:1:    layout_caves, serial_shops, nicolae_shop_real_fake_doors
Orc:2:    grunt_orc_tribal_feast, layout_diamond_mine,
          portal_ice_cave_entry_imps
Vaults:1: hangedman_vaults_nails, vaults_room_grunt_arrival_ludios, v_misc_14,
          nicolae_vaults_meiosis, v_misc_22, dpeg_vaults_pockets_of_resistance,
          nicolae_vaults_tetromino_L_1, nicolae_vaults_storage_closets_1,
          vaults_mumra_chevron_long, nicolae_vaults_tetromino_L_1,
          nicolae_vaults_double_plus_3, vaults_mumra_hexcomb,
          vaults_room_ringed_pool, ontoclasm_vaults_eye,
          nicolae_vaults_tetromino_L_1, layout_vaults_maze_snakey,
          uniq_asterion, uniq_aizul
Vaults:2: nicolae_vaults_door_testing_chamber, v_misc_2,
          nicolae_vaults_inception_scallops, nicolae_vaults_asterisk,
          grunt_vaults_trifunnel, nicolae_vaults_weapon_check, v_alt_pattern_2,
          minmay_crypt_entry_necro_gods, ontoclasm_vaults_idyll,
          nicolae_vaults_trapezoid_4, nicolae_vaults_tetromino_T_1,
          layout_vaults_omnicross, serial_shops, shop, uniq_xtahua
Vaults:3: nicolae_vaults_octothorpe, nicolae_vaults_diagonal_hallway_8,
          nicolae_vaults_cornered_office, hangedman_vaults_slice,
          nicolae_vaults_branching_niches, nicolae_vaults_more_shelving_1,
          nicolae_vaults_apartment_1, vaults_mumra_lcd, nicolae_vaults_alarming,
          nicolae_vaults_gold_heap, layout_vaults_big_room

Skill      XL: |  1  2  3  4  5  6  7  8  9 10 11 12 13 14 15 16 17 18 19 20 |
---------------+-------------------------------------------------------------+-----
Conjurations   | 1 2 3 4 5 6 7 9 10 12 13 14 | 14.0
Fire Magic     | 3 4 5 7 8 9 11 12 13 14 | 14.9
Fighting       | 1 2 3 5 6 7 9 10 11 12 | 12.9
Dodging        | 2 3 4 5 7 8 9 |  9.5
Spellcasting   | 3 4 5 6 8 9 11 12 13 14 15 16 | 16.5
Air Magic      | 4 8 10 12 13 | 13.2
Staves         | 3 6 8 9 |  9.3
Stealth        | 3 5 7 |  7.8
Shields        | 4 |  4.5
Evocations     | 3 4 |  4.7

Action                     |  1- 3 |  4- 6 |  7- 9 | 10-12 | 13-15 | 16-18 | 19-21 || total
---------------------------+-------+-------+-------+-------+-------+-------+-------++-------
  Melee: Dagger            |    25 |    16 |    22 |     4 |       |       |       ||    67
         Headbutt          |     6 |     3 |     6 |    12 |    37 |     5 |     7 ||    76
         Unarmed           |     3 |       |       |       |       |       |       ||     3
         Executioner's axe |       |       |       |    27 |    68 |       |       ||    95
         Staff             |       |       |       |       |    28 |    36 |    30 ||    94
         Punch             |       |       |       |       |       |       |     1 ||     1
   Cast: Foxfire           |    65 |    75 |   220 |   211 |    70 |       |       ||   641
         Scorch            |     1 |    12 |    38 |    23 |     1 |       |       ||    75
         Flame Wave        |       |       |     4 |    35 |       |       |       ||    39
         Iskenderun's Batt |       |       |       |    23 |     2 |       |       ||    25
         Mephitic Cloud    |       |       |       |    16 |     3 |       |       ||    19
         Starburst         |       |       |       |    22 |   128 |    48 |    37 ||   235
         Volatile Blastmot |       |       |       |     1 |       |       |       ||     1
         Plasma Beam       |       |       |       |       |   200 |   342 |   254 ||   796
         Freezing Cloud    |       |       |       |       |     2 |     7 |       ||     9
         Orb of Destructio |       |       |       |       |       |     2 |     1 ||     3
    Use: Potion            |       |     5 |       |     1 |    10 |     4 |     2 ||    22
         Scroll            |       |     1 |     3 |    11 |     8 |    16 |     4 ||    43
   Stab: Sleeping          |     1 |     1 |       |     1 |     1 |     2 |       ||     6
         Confused          |       |       |       |     1 |       |       |       ||     1
 Armour: Robe              |    16 |    43 |    78 |       |       |       |       ||   137
         Skin              |       |    14 |       |       |       |       |       ||    14
         Steam dragon scal |       |       |       |   178 |   267 |   194 |   217 ||   856
  Dodge: Dodged            |    18 |    28 |    71 |   187 |   228 |   111 |    58 ||   701
